 Dungeon Crawl Stone Soup version 0.28-a0-863-g8cecda6153 (webtiles) character file.

Game seed: 16718786568763324472

445 milk the Basher (level 6, -10/52 HPs)
             Began as a Minotaur Berserker on Nov 18, 2021.
             Was a Believer of Trog.
             Mangled by a gnoll sergeant (12 damage)
             ... on level 4 of the Dungeon.
             The game lasted 00:08:50 (3703 turns).

milk the Basher (Minotaur Berserker)                Turns: 3703, Time: 00:08:51

Health: -10/52     AC:  6    Str: 23    XL:     6   Next: 72%
Magic:  5/5        EV:  9    Int:  4    God:    Trog [**....]
Gold:   98         SH:  3    Dex: 10    Spells: 5/5 levels left

rFire   . . .      SeeInvis .   a - +1 mace (venom)
rCold   . . .      Faith    .   m - +0 buckler
rNeg    . . .      Spirit   .   f - +0 scale mail
rPois   .          Reflect  .   (helmet restricted)
rElec   .          Harm     .   (no cloak)
rCorr   .          Rampage  .   (no gloves)
Will    .....                   (no boots)
Stlth   ..........              (no amulet)
HPRegen 0.17/turn               (no ring)
MPRegen 0.09/turn               (no ring)

@: studying Maces & Flails
A: horns 2, retaliatory headbutt
a: Renounce Religion, Berserk, Trog's Hand


You were on level 4 of the Dungeon.
You worshipped Trog.
Trog was pleased with you.
You visited 1 branch of the dungeon, and saw 5 of its levels.

You collected 98 gold pieces.

Inventory:

Hand Weapons
 a - a +1 mace of venom (weapon)
 h - a +1 mace of holy wrath
 o - a +2 battleaxe of flaming
Armour
 f - a +0 scale mail (worn)
 m - a +0 buckler (worn)
Wands
 j - a wand of digging (5)
Scrolls
 b - 2 scrolls of identify
 d - 2 scrolls of teleportation
 g - a scroll of blinking
 n - a scroll of magic mapping {unknown}
Potions
 c - a potion of heal wounds {unknown}
 e - 2 potions of berserk rage
 i - a potion of flight {unknown}
 k - a potion of lignification {unknown}
 l - a potion of curing {unknown}


   Skills:
 - Level 3.7 Fighting
 + Level 10.8 Maces & Flails
 - Level 2.4 Armour
 - Level 2.1 Dodging


You had 5 spell levels left.
You didn't know any spells.
Your spell library was empty.

Dungeon Overview and Level Annotations

Branches:
Dungeon (5/15)
 Temple: D:4-7

Altars:
Ru


Innate Abilities, Weirdness & Mutations

You have a pair of horns on your head.
You reflexively headbutt those who attack you in melee.


Message History

A gnoll comes into view. It is wielding a +0 spear.
Found 8 gold pieces.
There is a stone staircase leading up here.
You can't go down here!
You climb upwards.
There is a stone staircase leading down here.
You climb downwards.
A gnoll comes into view. It is wielding a +0 flail.
There is a stone staircase leading up here.
The gnoll shouts!
You hear a shout!
You block the gnoll sergeant's attack.
You climb upwards.
There is a stone staircase leading down here.
You climb downwards.
The gnoll shouts!
A gnoll comes into view. It is wielding a +0 spear.
The gnoll sergeant hits you from afar with a +0 trident.
There is a stone staircase leading up here.
The gnoll hits you with a +0 whip. The gnoll sergeant barely misses you.
The gnoll sergeant hits you with a +0 trident!
You hit the gnoll sergeant.
The gnoll sergeant is poisoned.
The gnoll sergeant is lightly wounded.
The gnoll barely misses you. You block the gnoll's attack.
The gnoll sergeant hits you with a +0 trident!
* * * LOW HITPOINT WARNING * * *
A gnoll comes into view. It is wielding a +0 spear.
There is a stone staircase leading up here.
The gnoll hits you with a +0 whip.
* * * LOW HITPOINT WARNING * * *
The gnoll sergeant hits you with a +0 trident!
* * * LOW HITPOINT WARNING * * *
You climb upwards.
There is a stone staircase leading down here.
You barely miss the gnoll sergeant.
You headbutt the gnoll sergeant, but do no damage.
The gnoll sergeant is moderately wounded.
The gnoll hits you with a +0 whip.
* * * LOW HITPOINT WARNING * * *
The gnoll sergeant hits you with a +0 trident!
You die...

#................####..## ##..
#..................##..# ##...
#......................# ###....
.......(...............####......
.................................
.#.............<................#
##............................###
###..............g...........##
###.............@g.........)##
..##.......................##
...........................###
.............................####
.....(...........................
..........................####...
.........................## ####
####.....................#
####.......##........##


You could see a gnoll sergeant (very poisoned) and a gnoll.

Vanquished Creatures
  A black bear (D:4)
  A bullfrog (D:4)
  A hound (D:5)
  Jessica (D:3)
  Natasha (thrice) (D:2)
  Terence (D:3)
  6 adders
  3 worms
  2 dart slugs
  2 endoplasms
  4 giant cockroaches
  11 goblins
  5 hobgoblins
  7 jackals (D:2)
  5 kobolds
  9 ball pythons
  2 bats (D:2)
  4 frilled lizards
  4 rats
72 creatures vanquished.

Vanquished Creatures (others)
  A fungus (D:3)
  5 plants (D:3)
6 creatures vanquished.

Grand Total: 78 creatures vanquished

Notes
Turn   | Place    | Note
-------+----------+-------------------------------------------
     0 | D:1      | milk the Minotaur Berserker began the quest for the Orb.
     0 | D:1      | Reached XP level 1. HP: 19/19 MP: 0/0
   129 | D:1      | Reached skill level 4 in Maces & Flails
   640 | D:1      | Reached XP level 2. HP: 27/27 MP: 1/1
   875 | D:2      | Reached skill level 5 in Maces & Flails
   879 | D:2      | Reached XP level 3. HP: 33/33 MP: 2/2
  1046 | D:2      | Reached ** piety under Trog
  1079 | D:2      | Noticed Natasha
  1088 | D:2      | HP: 1/33 [Natasha/magic dart (6)]
  1089 | D:2      | Killed Natasha
  1090 | D:2      | Reached skill level 6 in Maces & Flails
  1090 | D:2      | Reached XP level 4. HP: 1/40 MP: 3/3
  1272 | D:2      | Noticed Natasha
  1281 | D:2      | Killed Natasha
  1499 | D:2      | Noticed Natasha
  1503 | D:2      | Killed Natasha
  1525 | D:2      | Reached XP level 5. HP: 43/46 MP: 4/4
  1529 | D:2      | Reached skill level 7 in Maces & Flails
  1910 | D:2      | Identified a scroll of acquirement
  1910 | D:2      | Acquired a manual of Maces & Flails
  2123 | D:3      | Noticed Terence
  2130 | D:3      | Killed Terence
  2271 | D:3      | Reached skill level 8 in Maces & Flails
  2364 | D:3      | Noticed Jessica
  2370 | D:3      | Killed Jessica
  2501 | D:3      | Found a sacrificial altar of Ru.
  2589 | D:3      | Found a faded altar of an unknown god.
  3090 | D:4      | Reached skill level 9 in Maces & Flails
  3090 | D:4      | Reached XP level 6. HP: 52/52 MP: 5/5
  3245 | D:4      | Reached skill level 10 in Maces & Flails
  3667 | D:5      | Entered Level 5 of the Dungeon
  3703 | D:4      | HP: 2/52 [gnoll (1)]
  3703 | D:4      | Mangled by a gnoll sergeant

Illustrated notes

Levels and vault maps discovered:
D:1:      amcnicky_arrival_single_pillar, layout_loops_cross, minmay_hexomino_p4
D:2:      layout_rooms, uniq_natasha
D:3:      layout_rooms, nicolae_ru_path_of_blood,
          shapermc_ecumenical_altar_mp_ritualfount, minmay_misc_feat_diagonals,
          uniq_terence, uniq_jessica
D:4:      layout_layer_cave
D:5:      layout_rooms, minmay_temple_entry_enclosed_plants,
          biasface_ghost_orc_armoury, st_stairs_14

Skill      XL: |  1  2  3  4  5  6 |
---------------+-------------------+-----
Maces & Flails | 4 5 6 9 10 | 10.8
Fighting       | |  3.7
Armour         | |  2.4
Dodging        | |  2.1

Action                   |  1- 3 |  4- 6 || total
-------------------------+-------+-------++-------
Melee: Mace              |    62 |    85 ||   147
       Headbutt          |     8 |    19 ||    27
Invok: Berserk           |       |     1 ||     1
  Use: Scroll            |     6 |     4 ||    10
 Stab: Sleeping          |     1 |       ||     1
Armor: Scale mail        |    16 |    32 ||    48
Dodge: Dodged            |    41 |    34 ||    75
Block: Buckler           |       |     8 ||     8

Table legend: (Time is in decaauts)
 A = Elapsed time spent in this place.
 B = Non-inter-level travel time spent in this place.
 C = Inter-level travel time spent in this place.
 D = Time resting spent in this place.
 E = Time spent auto-exploring this place.
 F = Levels seen in this place.
 G = Mean time per level.
                   A        B        C        D        E       F      G
               +--------+--------+--------+--------+--------+-----+--------+
         Total |   3737 |   3537 |    200 |    409 |   2593 |   5 |  747.4 |
       Dungeon |   3737 |   3537 |    200 |    409 |   2593 |   5 |  747.4 |
               +--------+--------+--------+--------+--------+-----+--------+

Top non-repeatable levels by time:
     D:2: 1252 daAuts
     D:4: 994 daAuts
     D:1: 866 daAuts
     D:3: 592 daAuts
     D:5: 31 daAuts
